General information
- name: BNet
- type: Ladder team game (AT/RT)
- host: Battle.net
- saver: StabYourBack
map: Deadlands
- players: 8
- length: 34:42
- speed: Fast
- version: 1.27 W3XP
- replay type: Public
» download(245 KB)
Players
team 1 (winner)

»
bale (
blue | 106 APM | 3448 actions | 32:32)
4 Archmage
2 Summon Water Elemental
2 Brilliance Aura
3 Mountain King
2 Storm Bolt
1 Bash
3 Paladin
1 Holy Light
1 Divine Shield
1 Devotion Aura
» actions
| Assign group hotkey | 880 | |
| Basic commands | 2 | |
| Build / train | 100 | |
| ESC pressed | 23 | |
| Enter build submenu | 24 | |
| Enter hero's abilities submenu | 13 | |
| Remove unit from queue | 5 | |
| Right click | 1418 | |
| Select / deselect | 305 | |
| Select group hotkey | 449 | |
| Use ability | 229 | |
3448 total
» units
| Peasant | 19 | |
| Footman | 5 | |
| Rifleman | 12 | |
| Goblin Shredder | 4 | |
| Flying Machine | 6 | |
| Sorceress | 3 | |
| Spell Breaker | 1 | |
| Priest | 1 | |
51 total
» upgrades
| Long Rifles | 1 | |
| Gunpowder | 2 | |
| Armor | 1 | |
| Masonry | 2 | |
| Fragmentation Shards | 1 | |
| Flare | 1 | |
| Priest Training | 2 | |
| Sorceress Training | 2 | |
| Control Magic | 1 | |
| Flak Cannons | 1 | |
14 total
» buildings
| Altar of Kings | 2 | |
| Farm | 13 | |
| Barracks | 1 | |
| Arcane Vault | 1 | |
| Blacksmith | 1 | |
| Keep | 4 | |
| Lumber Mill | 1 | |
| Town Hall | 3 | |
| Castle | 2 | |
| Workshop | 2 | |
| Arcane Sanctum | 2 | |
32 total
» build order
00:29 Altar of Kings
00:39 Altar of Kings
00:50 Farm
00:53 Farm
01:26 Barracks
01:56 Farm
02:07 Arcane Vault
02:31 Blacksmith
03:28 Keep
03:28 Keep
03:29 Keep
03:34 Farm
04:06 Farm
04:11 Lumber Mill
04:45 Farm
07:28 Farm
08:20 Town Hall
09:04 Castle
09:05 Castle
10:33 Workshop
10:34 Workshop
10:37 Arcane Sanctum
10:38 Arcane Sanctum
10:39 Farm
10:40 Farm
10:41 Farm
10:42 Farm
10:43 Farm
10:45 Farm
23:01 Town Hall
28:49 Town Hall
» items
| Scroll of Regeneration | 2 | |
| Scroll of Town Portal | 2 | |
| Lesser Clarity Potion | 2 | |
| Orb of Fire | 1 | |
| Staff of Sanctuary | 1 | |
8 total

»
Roe (
green | 70 APM | 2272 actions | 32:28)
5 Demon Hunter
2 Mana Burn
3 Evasion
4 Keeper of the Grove
2 Entangling Roots
2 Thorns Aura
1 Priestess of the Moon
1 Trueshot Aura
» actions
| Assign group hotkey | 26 | |
| Basic commands | 135 | |
| Build / train | 102 | |
| ESC pressed | 1 | |
| Enter build submenu | 37 | |
| Enter hero's abilities submenu | 11 | |
| Give item / drop item | 2 | |
| Remove unit from queue | 1 | |
| Right click | 777 | |
| Select / deselect | 543 | |
| Select group hotkey | 473 | |
| Use ability | 164 | |
2272 total
» units
| Wisp | 38 | |
| Archer | 5 | |
| Druid of the Claw | 4 | |
| Glaive Thrower | 9 | |
| Goblin Shredder | 1 | |
| Dryad | 4 | |
61 total
» upgrades
| Reinforced Hides | 2 | |
| Improved Bows | 1 | |
| Druid of the Claw Training | 2 | |
| Mark of the Claw | 1 | |
| Nature's Blessing | 1 | |
| Vorpal Blades | 1 | |
| Strength of the Moon | 3 | |
| Abolish Magic | 1 | |
| Hardened Skin | 1 | |
| Resistant Skin | 1 | |
| Well Spring | 0 | |
| Ultravision | 1 | |
15 total
» buildings
| Altar of Elders | 1 | |
| Moon Well | 6 | |
| Ancient of War | 1 | |
| Ancient of Wonders | 3 | |
| Hunter's Hall | 1 | |
| Tree of Ages | 1 | |
| Ancient of Lore | 2 | |
| Tree of Eternity | 1 | |
| Ancient Protector | 20 | |
| Tree of Life | 3 | |
39 total
» build order
00:07 Altar of Elders
00:22 Moon Well
01:02 Ancient of War
01:30 Moon Well
02:30 Ancient of Wonders
02:39 Hunter's Hall
03:41 Tree of Ages
04:02 Moon Well
06:03 Ancient of Lore
06:08 Ancient of Lore
08:23 Tree of Eternity
09:06 Ancient Protector
09:09 Ancient Protector
10:53 Tree of Life
11:29 Ancient Protector
12:27 Tree of Life
13:52 Ancient Protector
13:53 Ancient Protector
16:59 Ancient Protector
16:59 Ancient Protector
17:03 Ancient Protector
18:52 Ancient Protector
18:53 Ancient Protector
18:54 Ancient Protector
19:10 Ancient Protector
19:29 Ancient of Wonders
19:36 Ancient of Wonders
19:43 Moon Well
21:36 Ancient Protector
21:37 Ancient Protector
21:38 Ancient Protector
23:01 Ancient Protector
23:04 Ancient Protector
24:07 Ancient Protector
24:32 Ancient Protector
24:34 Ancient Protector
25:27 Moon Well
25:28 Moon Well
31:15 Tree of Life
» items
| Lesser Clarity Potion | 1 | |
| Potion of Healing | 2 | |
| Staff of Preservation | 1 | |
| Dust of Appearance | 1 | |
| Potion of Mana | 1 | |
| Scroll of Town Portal | 1 | |
| Boots of Speed | 1 | |
8 total
Hahthotuhadawin (
teal | 58 APM | 2017 actions | 34:42)
6 Archmage
3 Summon Water Elemental
2 Brilliance Aura
1 Mass Teleport
» actions
| Assign group hotkey | 123 | |
| Basic commands | 129 | |
| Build / train | 97 | |
| Enter build submenu | 73 | |
| Enter hero's abilities submenu | 6 | |
| Give item / drop item | 4 | |
| Remove unit from queue | 2 | |
| Right click | 596 | |
| Select / deselect | 480 | |
| Select group hotkey | 247 | |
| Use ability | 259 | |
2017 total
» units
| Peasant | 19 | |
| Footman | 5 | |
| Goblin Shredder | 2 | |
| Gryphon Rider | 5 | |
| Goblin Sapper | 10 | |
| Dragonhawk Rider | 1 | |
42 total
» upgrades
| Lumber Harvesting | 1 | |
| Masonry | 3 | |
| Swords | 3 | |
| Armor | 3 | |
| Animal War Training | 1 | |
| Cloud | 1 | |
| Storm Hammers | 1 | |
13 total
» buildings
| Altar of Kings | 2 | |
| Barracks | 2 | |
| Farm | 10 | |
| Scout Tower | 98 | |
| Arcane Tower | 1 | |
| Arcane Vault | 4 | |
| Lumber Mill | 2 | |
| Keep | 1 | |
| Town Hall | 5 | |
| Guard Tower | 15 | |
| Castle | 1 | |
| Blacksmith | 2 | |
| Gryphon Aviary | 4 | |
147 total
» build order
00:36 Altar of Kings
00:38 Barracks
00:50 Altar of Kings
00:51 Barracks
00:53 Farm
00:54 Farm
01:05 Farm
01:34 Farm
01:50 Scout Tower
02:56 Arcane Tower
03:18 Arcane Vault
03:20 Lumber Mill
03:41 Lumber Mill
04:17 Keep
04:26 Town Hall
04:29 Scout Tower
04:30 Scout Tower
04:30 Scout Tower
04:31 Scout Tower
04:35 Scout Tower
05:12 Guard Tower
09:19 Farm
09:31 Castle
09:36 Scout Tower
09:36 Scout Tower
09:36 Scout Tower
09:37 Scout Tower
09:37 Scout Tower
09:39 Scout Tower
09:39 Scout Tower
09:40 Scout Tower
09:40 Scout Tower
10:32 Guard Tower
11:25 Guard Tower
15:14 Town Hall
15:17 Scout Tower
15:18 Scout Tower
15:18 Scout Tower
15:18 Scout Tower
15:20 Scout Tower
15:20 Scout Tower
15:20 Scout Tower
15:21 Scout Tower
15:22 Scout Tower
15:22 Scout Tower
15:22 Scout Tower
15:23 Scout Tower
15:25 Scout Tower
15:25 Scout Tower
15:26 Scout Tower
15:26 Scout Tower
15:29 Arcane Vault
15:58 Guard Tower
16:17 Guard Tower
16:30 Scout Tower
16:30 Scout Tower
16:31 Scout Tower
16:31 Scout Tower
19:59 Town Hall
20:03 Scout Tower
20:04 Scout Tower
20:04 Scout Tower
20:05 Scout Tower
20:09 Scout Tower
20:12 Scout Tower
20:12 Scout Tower
20:14 Scout Tower
20:18 Scout Tower
20:19 Scout Tower
20:19 Scout Tower
20:20 Scout Tower
20:20 Scout Tower
20:21 Scout Tower
20:22 Scout Tower
20:23 Scout Tower
20:23 Scout Tower
20:28 Arcane Vault
20:33 Guard Tower
20:36 Guard Tower
20:48 Blacksmith
20:51 Blacksmith
20:55 Scout Tower
20:56 Scout Tower
20:57 Scout Tower
20:57 Scout Tower
20:58 Scout Tower
20:58 Scout Tower
20:59 Scout Tower
20:59 Scout Tower
21:00 Scout Tower
21:00 Scout Tower
21:01 Scout Tower
21:01 Scout Tower
21:02 Scout Tower
21:02 Scout Tower
21:02 Scout Tower
21:03 Scout Tower
21:04 Scout Tower
21:04 Scout Tower
21:05 Scout Tower
21:06 Scout Tower
21:07 Scout Tower
21:07 Scout Tower
21:08 Scout Tower
21:15 Gryphon Aviary
21:15 Gryphon Aviary
21:16 Gryphon Aviary
21:17 Gryphon Aviary
22:24 Guard Tower
22:52 Guard Tower
23:37 Town Hall
23:41 Scout Tower
23:41 Scout Tower
23:41 Scout Tower
23:41 Scout Tower
23:44 Scout Tower
23:53 Scout Tower
23:53 Scout Tower
23:54 Scout Tower
23:55 Scout Tower
23:55 Scout Tower
23:56 Scout Tower
23:56 Scout Tower
23:58 Arcane Vault
24:26 Guard Tower
24:40 Guard Tower
24:43 Farm
24:44 Farm
24:47 Farm
24:48 Farm
24:49 Farm
24:57 Guard Tower
25:17 Guard Tower
26:29 Guard Tower
29:51 Scout Tower
29:51 Scout Tower
29:51 Scout Tower
29:52 Scout Tower
29:52 Scout Tower
29:53 Scout Tower
29:53 Scout Tower
29:53 Scout Tower
29:54 Scout Tower
29:54 Scout Tower
31:10 Guard Tower
32:22 Town Hall
» items
| Scroll of Regeneration | 2 | |
| Mechanical Critter | 5 | |
| Scroll of Town Portal | 3 | |
| Potion of Healing | 1 | |
| Potion of Invisibility | 1 | |
| Staff of Teleportation | 1 | |
| Periapt of Vitality | 1 | |
| Staff of Sanctuary | 1 | |
15 total

»
BLB24 (
pink | 24 APM | 820 actions | 33:29)
5 Blademaster
2 Wind Walk
2 Critical Strike
1 Mirror Image
4 Shadow Hunter
2 Healing Wave
2 Hex
» actions
| Basic commands | 1 | |
| Build / train | 55 | |
| ESC pressed | 1 | |
| Enter build submenu | 47 | |
| Enter hero's abilities submenu | 9 | |
| Give item / drop item | 3 | |
| Right click | 330 | |
| Select / deselect | 284 | |
| Use ability | 90 | |
820 total
» units
| Peon | 14 | |
| Wind Rider | 15 | |
| Troll Batrider | 2 | |
31 total
» upgrades
| Envenomed Spears | 1 | |
| Ranged Weapons | 2 | |
| Armor | 1 | |
| Reinforced Defenses | 1 | |
| Spiked Barricades | 1 | |
6 total
» buildings
| Altar of Storms | 1 | |
| Orc Burrow | 8 | |
| Voodoo Lounge | 1 | |
| Stronghold | 1 | |
| War Mill | 1 | |
| Fortress | 1 | |
| Beastiary | 3 | |
| Barracks | 1 | |
| Watch Tower | 30 | |
| Great Hall | 1 | |
48 total
» build order
00:12 Altar of Storms
00:15 Orc Burrow
01:10 Voodoo Lounge
02:20 Stronghold
03:22 War Mill
03:24 Orc Burrow
04:19 Orc Burrow
04:43 Fortress
04:50 Beastiary
04:57 Beastiary
05:26 Barracks
05:28 Beastiary
06:03 Orc Burrow
07:39 Orc Burrow
09:42 Orc Burrow
13:50 Orc Burrow
16:42 Orc Burrow
21:25 Watch Tower
21:27 Watch Tower
21:29 Watch Tower
21:30 Watch Tower
22:56 Great Hall
22:57 Watch Tower
22:58 Watch Tower
22:59 Watch Tower
24:08 Watch Tower
24:10 Watch Tower
24:13 Watch Tower
27:07 Watch Tower
27:09 Watch Tower
28:01 Watch Tower
28:17 Watch Tower
28:20 Watch Tower
28:22 Watch Tower
28:52 Watch Tower
30:05 Watch Tower
30:06 Watch Tower
30:08 Watch Tower
30:09 Watch Tower
30:16 Watch Tower
31:15 Watch Tower
31:16 Watch Tower
31:17 Watch Tower
31:20 Watch Tower
31:22 Watch Tower
31:29 Watch Tower
32:41 Watch Tower
32:42 Watch Tower
» items
| Healing Salve | 1 | |
| Lesser Clarity Potion | 2 | |
| Orb of Lightning | 1 | |
| Scroll of Town Portal | 1 | |
5 total
team 2 (loser)

»
34req (
yellow | 164 APM | 2128 actions | 12:59)
3 Tauren Chieftain
2 Shockwave
1 Endurance Aura
1 Shadow Hunter
1 Healing Wave
» actions
| Assign group hotkey | 30 | |
| Basic commands | 198 | |
| Build / train | 60 | |
| Enter build submenu | 18 | |
| Enter hero's abilities submenu | 4 | |
| Give item / drop item | 1 | |
| Remove unit from queue | 1 | |
| Right click | 472 | |
| Select / deselect | 666 | |
| Select group hotkey | 580 | |
| Use ability | 97 | |
2128 total
» units
| Peon | 13 | |
| Grunt | 10 | |
| Kodo Beast | 1 | |
| Troll Witch Doctor | 2 | |
26 total
» upgrades
| Witch Doctor Training | 2 | |
| Reinforced Defenses | 1 | |
| War Drums Damage Increase | 1 | |
4 total
» buildings
| Altar of Storms | 1 | |
| Orc Burrow | 4 | |
| Barracks | 1 | |
| Voodoo Lounge | 1 | |
| Stronghold | 1 | |
| War Mill | 1 | |
| Fortress | 1 | |
| Spirit Lodge | 1 | |
| Beastiary | 1 | |
| Watch Tower | 1 | |
13 total
» build order
00:08 Altar of Storms
00:19 Orc Burrow
00:35 Barracks
01:16 Voodoo Lounge
01:35 Orc Burrow
03:23 Stronghold
03:40 Orc Burrow
04:03 War Mill
05:57 Fortress
06:00 Spirit Lodge
06:14 Beastiary
06:25 Orc Burrow
08:27 Watch Tower
» items
| Healing Salve | 6 | |
| Lesser Clarity Potion | 3 | |
| Scroll of Speed | 2 | |
| Scroll of Town Portal | 1 | |
| Potion of Mana | 3 | |
| Potion of Healing | 1 | |
16 total

»
BlahBlahBlah (
purple | 49 APM | 1098 actions | 22:15)
4 Blademaster
2 Critical Strike
2 Wind Walk
2 Tauren Chieftain
1 Endurance Aura
1 War Stomp
1 Shadow Hunter
1 Hex
» actions
| Basic commands | 20 | |
| Build / train | 79 | |
| Enter build submenu | 38 | |
| Enter hero's abilities submenu | 7 | |
| Give item / drop item | 4 | |
| Right click | 432 | |
| Select / deselect | 414 | |
| Use ability | 104 | |
1098 total
» units
| Peon | 14 | |
| Troll Headhunter/Berserker | 16 | |
| Shaman | 5 | |
| Troll Witch Doctor | 5 | |
40 total
» upgrades
| Ranged Weapons | 3 | |
| Troll Regeneration | 1 | |
| Shaman Training | 2 | |
| Witch Doctor Training | 2 | |
| Berserker Upgrade | 1 | |
| Reinforced Defenses | 1 | |
| Armor | 1 | |
11 total
» buildings
| Orc Burrow | 6 | |
| War Mill | 1 | |
| Altar of Storms | 1 | |
| Voodoo Lounge | 1 | |
| Barracks | 2 | |
| Watch Tower | 23 | |
| Great Hall | 1 | |
| Stronghold | 1 | |
| Spirit Lodge | 2 | |
| Fortress | 1 | |
39 total
» build order
00:21 Orc Burrow
00:39 War Mill
00:51 Altar of Storms
01:17 Voodoo Lounge
01:42 Orc Burrow
02:15 Barracks
02:40 Barracks
03:23 Orc Burrow
05:09 Watch Tower
05:10 Watch Tower
05:18 Watch Tower
05:30 Watch Tower
05:36 Watch Tower
06:02 Great Hall
06:18 Watch Tower
06:20 Watch Tower
06:23 Watch Tower
07:05 Watch Tower
07:12 Stronghold
07:35 Watch Tower
07:36 Watch Tower
07:37 Watch Tower
08:11 Watch Tower
09:34 Spirit Lodge
09:34 Spirit Lodge
10:33 Fortress
13:13 Orc Burrow
13:34 Orc Burrow
13:42 Orc Burrow
16:04 Watch Tower
16:05 Watch Tower
16:13 Watch Tower
17:32 Watch Tower
17:33 Watch Tower
17:35 Watch Tower
18:39 Watch Tower
18:40 Watch Tower
19:51 Watch Tower
20:59 Watch Tower
» items
| Healing Salve | 4 | |
| Scroll of Speed | 2 | |
| Orb of Lightning | 8 | |
| Scroll of Town Portal | 2 | |
16 total
StabYourBack (
red | 94 APM | 3258 actions | 34:42)
5 Blademaster
3 Wind Walk
2 Critical Strike
» actions
| Assign group hotkey | 134 | |
| Basic commands | 32 | |
| Build / train | 131 | |
| ESC pressed | 1 | |
| Enter build submenu | 82 | |
| Enter hero's abilities submenu | 6 | |
| Give item / drop item | 26 | |
| Right click | 1161 | |
| Select / deselect | 395 | |
| Select group hotkey | 990 | |
| Use ability | 300 | |
3258 total
» units
| Peon | 16 | |
| Grunt | 5 | |
| Goblin Zeppelin | 5 | |
| Goblin Shredder | 4 | |
| Wind Rider | 8 | |
| Troll Batrider | 1 | |
39 total
» upgrades
| Armor | 3 | |
| Berserker Strength | 1 | |
| Pillage | 1 | |
| Ranged Weapons | 3 | |
| Reinforced Defenses | 1 | |
| Envenomed Spears | 1 | |
| Troll Regeneration | 1 | |
| Liquid Fire | 1 | |
| Spiked Barricades | 5 | |
17 total
» buildings
| Orc Burrow | 11 | |
| Altar of Storms | 2 | |
| Barracks | 1 | |
| Voodoo Lounge | 3 | |
| Great Hall | 2 | |
| Stronghold | 14 | |
| War Mill | 2 | |
| Watch Tower | 47 | |
| Fortress | 7 | |
| Beastiary | 4 | |
93 total
» build order
00:15 Orc Burrow
00:18 Orc Burrow
01:06 Altar of Storms
01:10 Barracks
01:47 Voodoo Lounge
02:49 Orc Burrow
04:19 Great Hall
04:44 Stronghold
04:44 Stronghold
05:15 War Mill
05:42 Orc Burrow
06:07 Voodoo Lounge
06:21 Orc Burrow
06:50 Watch Tower
06:52 Watch Tower
07:12 Watch Tower
07:15 Watch Tower
07:27 Watch Tower
07:30 Watch Tower
07:37 Watch Tower
08:10 Fortress
08:10 Fortress
09:32 Orc Burrow
11:12 Beastiary
11:17 Beastiary
11:50 Watch Tower
11:52 Watch Tower
11:54 Watch Tower
11:58 Watch Tower
12:33 Watch Tower
12:48 Watch Tower
12:51 Watch Tower
13:40 Watch Tower
13:54 Watch Tower
13:55 Watch Tower
13:57 Watch Tower
14:34 Watch Tower
17:23 Beastiary
17:24 Beastiary
17:36 Watch Tower
17:38 Watch Tower
17:41 Watch Tower
18:22 Orc Burrow
18:25 Orc Burrow
19:44 Watch Tower
19:45 Watch Tower
19:45 Watch Tower
19:47 Watch Tower
19:48 Watch Tower
19:55 Watch Tower
19:56 Watch Tower
19:57 Watch Tower
19:58 Watch Tower
20:00 Watch Tower
20:07 Watch Tower
26:07 Orc Burrow
26:08 Orc Burrow
26:11 Watch Tower
26:12 Watch Tower
26:12 Watch Tower
26:17 Watch Tower
26:17 Watch Tower
26:18 Watch Tower
26:50 Stronghold
26:50 Stronghold
26:50 Stronghold
28:02 Watch Tower
28:03 Watch Tower
28:04 Watch Tower
28:14 Great Hall
28:19 Altar of Storms
28:22 Orc Burrow
28:25 War Mill
28:32 Voodoo Lounge
29:11 Fortress
29:11 Fortress
29:11 Fortress
29:11 Fortress
29:52 Watch Tower
29:52 Watch Tower
29:55 Watch Tower
30:55 Stronghold
30:55 Stronghold
30:55 Stronghold
30:55 Stronghold
33:18 Watch Tower
33:19 Watch Tower
» items
| Healing Salve | 6 | |
| Lesser Clarity Potion | 7 | |
| Boots of Speed | 1 | |
| Periapt of Vitality | 1 | |
| Circlet of Nobility | 1 | |
| Potion of Mana | 1 | |
| Scroll of Town Portal | 1 | |
| Orb of Lightning | 1 | |
| Tiny Great Hall | 1 | |
20 total
Burninator (
orange | 47 APM | 877 actions | 18:39)
3 Mountain King
2 Storm Bolt
1 Bash
2 Paladin
1 Holy Light
1 Devotion Aura
» actions
| Assign group hotkey | 18 | |
| Build / train | 91 | |
| ESC pressed | 2 | |
| Enter build submenu | 31 | |
| Enter hero's abilities submenu | 5 | |
| Remove unit from queue | 1 | |
| Right click | 214 | |
| Select / deselect | 295 | |
| Select group hotkey | 164 | |
| Use ability | 56 | |
877 total
» units
| Peasant | 15 | |
| Footman | 24 | |
| Knight | 16 | |
55 total
» upgrades
| Masonry | 3 | |
| Lumber Harvesting | 2 | |
| Plating | 2 | |
| Swords | 2 | |
9 total
» buildings
| Farm | 8 | |
| Altar of Kings | 1 | |
| Barracks | 2 | |
| Lumber Mill | 1 | |
| Scout Tower | 14 | |
| Town Hall | 1 | |
| Guard Tower | 8 | |
| Keep | 2 | |
| Arcane Tower | 1 | |
| Arcane Vault | 1 | |
| Castle | 1 | |
| Blacksmith | 1 | |
41 total
» build order
00:05 Farm
00:10 Altar of Kings
00:27 Farm
00:39 Barracks
01:26 Farm
02:11 Farm
02:58 Lumber Mill
04:18 Scout Tower
04:21 Scout Tower
04:58 Scout Tower
05:02 Scout Tower
05:06 Scout Tower
05:28 Town Hall
05:31 Guard Tower
05:33 Scout Tower
05:34 Guard Tower
05:47 Keep
05:54 Scout Tower
05:59 Guard Tower
06:26 Scout Tower
06:29 Scout Tower
06:32 Guard Tower
06:59 Scout Tower
07:05 Guard Tower
07:07 Arcane Tower
08:06 Guard Tower
08:10 Arcane Vault
08:23 Castle
09:39 Blacksmith
11:19 Barracks
13:32 Farm
13:36 Farm
14:20 Farm
15:01 Farm
17:04 Scout Tower
17:06 Scout Tower
17:09 Scout Tower
17:13 Scout Tower
17:42 Guard Tower
17:44 Guard Tower
17:49 Keep
» items
| Scroll of Regeneration | 1 | |
| Scroll of Town Portal | 2 | |
| Potion of Healing | 4 | |
7 total
Chat log
(00:18 / Allies) Burninator: fast expoing
(04:23 / Allies) Burninator: dude
(04:27 / Allies) StabYourBack: yo, I had my peon there first
(04:31 / Allies) StabYourBack: just take this
(04:36 / Allies) StabYourBack: we can cree pit together easy
(04:51 / Allies) Burninator: taht's why i pinged there earlier in the game
(04:58 / Allies) StabYourBack: didn't notice sorry
(05:00 / Allies) StabYourBack: just saw my peon there first
(09:08 / Allies) Burninator: need shredder
(09:24 / Allies) Burninator: too many towers without siege
(10:53 / Allies) StabYourBack: ty for salve
(11:34 / All) StabYourBack: didn't even notice my bm get killed there
(11:43 / All) StabYourBack: it just instantly died when I looked away 1 sec lol
(16:19 / Allies) StabYourBack: hit blue
(21:37 / Allies) StabYourBack: back off
(21:41 / Allies) StabYourBack: hit a main
(21:43 / Allies) StabYourBack: teal sucks you idiot
(21:52 / Allies) StabYourBack: HIT A MAIN BITCH
(21:59 / Allies) StabYourBack: HIT A MAIN OR I LEAVE MOTHERFUCKER
(22:11 / Allies) StabYourBack: HIT A MAIN NIGGER SHIT
(22:13 / Allies) BlahBlahBlah: later assshole
(22:30 / All) StabYourBack: he left since I was telling him to hit elsewhere than that noob teal
(30:44 / All) BLB24: gg
(30:50 / All) StabYourBack: gg not well played at all
(30:53 / All) StabYourBack: noobs
(30:54 / All) StabYourBack: 1v4
(30:57 / All) StabYourBack: I 1v4
(30:59 / All) bale: teal
(31:00 / All) bale: tked
(31:01 / All) StabYourBack: you bow to me bitch
(31:03 / All) bale: noob ass
(31:04 / All) StabYourBack: you are my bitch hahaha
(31:06 / All) StabYourBack: I win blue
(31:09 / All) StabYourBack: you lose blue!
(31:09 / All) Roe: not really
(31:15 / All) StabYourBack: I get victory screen
(31:19 / All) StabYourBack: what do you get noobie?
(31:26 / All) bale: u are teal
(31:29 / All) StabYourBack: a big DEFEAT! screen, that's what!
(31:29 / All) bale: ur not fooling me
(31:47 / All) bale: teal is purple
(31:50 / All) bale: multiboxing
(31:53 / All) Roe: lo
(32:05 / All) StabYourBack: purple left the game newb
(32:19 / All) bale: teal is red*
(32:21 / All) bale: im baked
(32:37 / All) StabYourBack: pussies lol
(33:33 / All) Hahthotuhadawin: lol
(33:37 / All) StabYourBack: wow
(33:37 / All) Hahthotuhadawin: they put up like no fight
(33:40 / All) StabYourBack: your team were total pussies
(33:44 / All) Hahthotuhadawin: yeah lawl
(33:48 / All) StabYourBack: left as soon as it was revealed they had tker
(33:52 / All) StabYourBack: this game was all pussy bitches
(33:53 / All) Hahthotuhadawin: I think your team should lose tho
(33:59 / All) Hahthotuhadawin: your team was so dumb
(34:00 / All) StabYourBack: Let's stats
(34:02 / All) StabYourBack: 5-2 yel
(34:07 / All) Hahthotuhadawin: your team was so fucking dumb they needa lose
(34:09 / All) StabYourBack: 60-64 purp
(34:19 / All) StabYourBack: 0-4 solo 499-523 orange
(34:24 / All) Hahthotuhadawin: only blue has winning rec
(34:29 / All) StabYourBack: my team lose
(34:31 / All) Hahthotuhadawin: yo team was retards